 Dungeon Crawl Stone Soup version 0.30-a0-172-gc5509c9e31 (webtiles) character file.

Game seed: 16450476773726024154

2054 blackman the Destroyer (level 9, -1/51 HPs)
             Began as an Octopode Conjurer on Oct 1, 2022.
             Was a Follower of Uskayaw.
             Slain by Crazy Yiuf
             ... wielding a +2 quarterstaff of chaos
              (8 damage)
             ... on level 5 of the Dungeon.
             The game lasted 00:21:10 (8996 turns).

blackman the Destroyer (Octopode Conjurer)          Turns: 8996, Time: 00:21:11

Health: -1/51      AC:  1    Str:  6    XL:     9   Next: 25%
Magic:  6/17       EV: 13    Int: 31    God:    Uskayaw [*.....]
Gold:   353        SH:  0    Dex: 10    Spells: 16/19 levels left

rFire   . . .      SeeInvis .    (no weapon)
rCold   . . .      Faith    +    (no shield)
rNeg    . . .      Spirit   .    (helmet restricted)
rPois   .          Reflect  .    v - amulet of faith
rElec   .          Harm     .    p - +6 ring of intelligence
rCorr   .          Rampage  .    (no ring)
Will    .....                    (no ring)
Stlth   +++.......               (no ring)
HPRegen 0.28/turn                (no ring)
MPRegen 0.15/turn                (no ring)
                                 (no ring)
                                 (no ring)

@: no status effects
A: almost no armour, amphibious, 8 rings, camouflage 1, gelatinous body 1,
(nimble swimmer 1), tentacles
a: Renounce Religion, Stomp


You were on level 5 of the Dungeon.
You worshipped Uskayaw.
Uskayaw was noncommittal.
You visited 2 branches of the dungeon, and saw 6 of its levels.

You collected 353 gold pieces.

Inventory:

Missiles
 k - 12 boomerangs
 t - 4 poisoned darts
Jewellery
 p - a +6 ring of intelligence (left tentacle)
 v - an amulet of faith (around mantle)
Scrolls
 c - 4 scrolls of teleportation
 e - a scroll of amnesia {unknown}
 g - 3 scrolls of enchant weapon
 i - 2 scrolls of fear
 l - a scroll of blinking
 o - 4 scrolls of enchant armour
 r - a scroll of magic mapping
 s - 2 scrolls of identify
 w - a scroll of butterflies {unknown}
 x - a scroll of silence {unknown}
Potions
 a - a potion of magic
 b - 4 potions of might
 d - 4 potions of flight
 f - 2 potions of heal wounds
 h - 3 potions of curing
 j - a potion of lignification {unknown}
 m - 2 potions of brilliance {unknown}
 n - a potion of invisibility {unknown}
 q - a potion of degeneration {unknown}
 u - a potion of ambrosia {unknown}


   Skills:
 - Level 2.0 Dodging
 - Level 2.6 Stealth
 - Level 5.7 Spellcasting
 * Level 11.0 Conjurations
 + Level 0.5 Hexes


You had 16 spell levels left.
You knew the following spells:

 Your Spells              Type           Power      Damage    Failure   Level
a - Magic Dart            Conj           100%       1d8       1%          1
b - Searing Ray           Conj           100%       2d8       1%          2

Your spell library contained the following spells:

 Spells                   Type           Power      Damage    Failure   Level
 Foxfire                  Conj/Fire      100%       2x1d9     1%          1
 Dazzling Flash           Conj/Hex       88%        N/A       1%          3
 Fulminant Prism          Conj/Hex       22%        3d13      4%          4
 Flame Wave               Conj/Fire      43%        2d11      5%          4
 Iskenderun's Mystic Bla  Conj/Tloc      43%        2d10      5%          4
 Sticky Flame             Conj/Fire      43%        2d6       5%          4
 Ensorcelled Hibernation  Hex/Ice        20%        N/A       7%          2
 Inner Flame              Hex/Fire       10%        N/A       14%         3
 Spider Form              Tmut/Pois      8%         N/A       16%         3
 Anguish                  Hex/Necr       5%         N/A       41%         4


Dungeon Overview and Level Annotations

Branches:
Dungeon (5/15)             Temple (1/1) D:4

Altars:
Cheibriados
Dithmenos
Elyvilon
Fedhas
Hepliaklqana
Makhleb
Okawaru
Qazlal
Ru
Sif Muna
Uskayaw
Vehumet
Yredelemnul
Zin
The Shining One

Shops:
D:2 (

Annotations:
D:5 Crazy Yiuf


Innate Abilities, Weirdness & Mutations

You cannot wear most types of armour.
You are amphibious.
You can wear up to eight rings at the same time.
Your skin changes colour to match your surroundings (Stealth+).
Your rubbery body absorbs attacks. (AC +1, EV +1)
((You are camouflaged when in or above water. (Stealth+)))
You have tentacles for arms and can constrict up to eight enemies at once.


Message History

You open the door.
Casting: Magic Dart (safe; 1% risk of failure)
Confirm with . or Enter, or press ? or * to list all spells.
Aiming: Searing Ray (safe; 1% risk of failure)
Press: ? - help, Shift-Dir - straight line, f - Crazy Yiuf
Aim: Crazy Yiuf, wielding a +2 quarterstaff of chaos and wearing a +2 cloak (wandering, hasn't noticed you, 85% to hit)
The searing ray hits Crazy Yiuf but does no damage. (Press . to maintain the ray.)
The searing ray misses Crazy Yiuf.
Crazy Yiuf hits you with a +2 quarterstaff of chaos.
You feel your power leaking away.
The searing ray misses Crazy Yiuf.
Crazy Yiuf says, "Snower!
Rot toodlewoodle pontify."
Crazy Yiuf hits you with a +2 quarterstaff of chaos!
Crazy Yiuf freezes you.
The searing ray misses Crazy Yiuf.
You finish channelling your searing ray.
Crazy Yiuf misses you.
Casting: Searing Ray (safe; 1% risk of failure)
Confirm with . or Enter, or press ? or * to list all spells.
Aiming: Searing Ray (safe; 1% risk of failure)
Press: ? - help, Shift-Dir - straight line, f/p - Crazy Yiuf
Aim: Crazy Yiuf, wielding a +2 quarterstaff of chaos and wearing a +2 cloak (85% to hit)
The searing ray misses Crazy Yiuf. (Press . to maintain the ray.) Crazy Yiuf hits you with a +2 quarterstaff of chaos!
The searing ray hits Crazy Yiuf.
Crazy Yiuf is lightly wounded.
Crazy Yiuf barely misses you.
The searing ray hits Crazy Yiuf!
Crazy Yiuf is severely wounded.
Crazy Yiuf hits you with a +2 quarterstaff of chaos!
* * * LOW HITPOINT WARNING * * *
Crazy Yiuf burns you.
* * * LOW HITPOINT WARNING * * *
The searing ray hits Crazy Yiuf.
Crazy Yiuf is severely wounded.
You finish channelling your searing ray.
Crazy Yiuf hits you with a +2 quarterstaff of chaos!
You die...

#+..'####..#########
#....# #.^.........
#PPP.# ###########.
#...## ### ## ##.##
#.# #.##
#(########## ##.#
#........... #.##
#.########## ##@#
#.# #g# #.# ... #.#
#...# ### #..)#
#####


You could see Crazy Yiuf.

Vanquished Creatures
  Pikel (D:5)
  Grinder (D:5)
  Menkaure (D:4)
  Duvessa (D:5)
  2 water moccasins (D:5)
  An ogre (D:4)
  A centaur (D:5)
  A necrophage (D:5)
  4 scorpions (D:5)
  4 wights (D:4)
  Dowan (D:5)
  An orc priest (D:4)
  A gnoll bouda (D:5)
  Natasha (thrice) (D:4)
  An iguana (D:4)
  4 gnolls (D:5)
  3 adders
  An ufetubus (D:4)
  2 worms
  A dart slug (D:2)
  7 orcs
  3 bats
  3 endoplasms
  2 giant cockroaches
  6 goblins
  4 hobgoblins
  5 kobolds
  3 quokkas
  4 ball pythons
  5 frilled lizards
  A rat (D:1)
78 creatures vanquished.

Notes
Turn   | Place    | Note
-------+----------+-------------------------------------------
     0 | D:1      | blackman the Octopode Conjurer began the quest for the Orb.
     0 | D:1      | Reached XP level 1. HP: 11/11 MP: 3/3
   430 | D:1      | Reached XP level 2. HP: 17/17 MP: 0/5
  1300 | D:2      | Reached XP level 3. HP: 21/21 MP: 2/6
  1679 | D:2      | Found Xiysic's Weapon Boutique.
  1708 | D:2      | Found a stormy altar of Qazlal.
  1884 | D:2      | Learned a level 2 spell: Searing Ray
  1925 | D:2      | Reached skill level 5 in Conjurations
  3552 | D:3      | Reached XP level 4. HP: 17/27 MP: 7/7
  3874 | D:3      | Found a faded altar of an unknown god.
  3960 | D:4      | Noticed Menkaure
  3967 | D:4      | Killed Menkaure
  3968 | D:4      | Reached skill level 6 in Conjurations
  3968 | D:4      | Reached XP level 5. HP: 31/31 MP: 2/8
  4509 | D:4      | You fall into a shaft and drop 1 floor!
  4509 | D:5      | Entered Level 5 of the Dungeon
  4526 | D:5      | Reached skill level 7 in Conjurations
  4526 | D:5      | Reached XP level 6. HP: 22/36 MP: 0/9
  4615 | D:5      | HP: 1/36 [quokka (2)]
  5016 | D:5      | Reached skill level 8 in Conjurations
  5016 | D:5      | Reached XP level 7. HP: 28/41 MP: 5/10
  5515 | D:5      | Noticed Pikel
  5521 | D:5      | Reached skill level 9 in Conjurations
  5531 | D:5      | Killed Pikel
  5532 | D:5      | Reached skill level 10 in Conjurations
  5532 | D:5      | Reached XP level 8. HP: 10/46 MP: 4/11
  6857 | D:4      | Noticed Natasha
  6866 | D:4      | Killed Natasha
  7303 | D:4      | Noticed Natasha
  7308 | D:4      | Killed Natasha
  7394 | D:4      | Found a staircase to the Ecumenical Temple.
  7651 | Temple   | Entered the Ecumenical Temple
  7758 | Temple   | Became a worshipper of Uskayaw the Reveller
  7867 | D:4      | Noticed Natasha
  7870 | D:4      | Reached * piety under Uskayaw
  7871 | D:4      | Killed Natasha
  8154 | D:5      | Reached ** piety under Uskayaw
  8200 | D:5      | Noticed Dowan
  8202 | D:5      | Noticed Duvessa
  8214 | D:5      | Killed Duvessa
  8215 | D:5      | Reached XP level 9. HP: 27/51 MP: 6/15
  8215 | D:5      | Reached *** piety under Uskayaw
  8216 | D:5      | Killed Dowan
  8327 | D:5      | Reached skill level 5 in Spellcasting
  8434 | D:5      | Noticed Grinder
  8444 | D:5      | Paralysed by Grinder for 4 turns
  8450 | D:5      | Killed Grinder
  8643 | D:5      | Found a runed translucent door.
  8644 | D:5      | Noticed Crazy Yiuf
  8701 | D:5      | Reached skill level 11 in Conjurations
  8996 | D:5      | Slain by Crazy Yiuf

Illustrated notes

Levels and vault maps discovered:
D:1:      tarquinn_simple_flora_water_a, layout_loops_ring
D:2:      wander_river, layout_basic, basic_altar, serial_shops,
          nicolae_shop_hallway_stairs, dreamdust_princess_bridge,
          supply_closet_lemuel, kennysheep_generic_room_14
D:3:      layout_loops_ring, hellmonk_ecumenical_altar_heavens_door,
          kennysheep_flooded_box
D:4:      layout_loops_cross, minmay_temple_entry_proselytizer,
          minmay_hedge_maze, uniq_menkaure, uniq_natasha
D:5:      layout_rooms, uniq_crazy_yiuf_cottage, uniq_pikel, uniq_grinder,
          uniq_duvessa
Temple:   nicolae_temple_superstar

Skill      XL: |  1  2  3  4  5  6  7  8  9 |
---------------+----------------------------+-----
Conjurations   | 5 6 7 8 10 11 | 11.0
Spellcasting   | 4 5 |  5.7
Dodging        | |  2.0
Stealth        | |  2.6
Hexes          | |  0.5

Action                   |  1- 3 |  4- 6 |  7- 9 || total
-------------------------+-------+-------+-------++-------
Melee: Unarmed           |     9 |    14 |     1 ||    24
       Constrict         |     2 |     3 |       ||     5
       Tentacles         |     1 |     6 |       ||     7
Throw: Dart              |       |     4 |       ||     4
       Throwing net      |       |     2 |     1 ||     3
 Cast: Magic Dart        |    41 |    13 |    37 ||    91
       Searing Ray       |     8 |     9 |    30 ||    47
Invok: Stomp             |       |       |     1 ||     1
Evoke: Wand              |       |     5 |       ||     5
  Use: Scroll            |     8 |       |     1 ||     9
       Potion            |       |     3 |     1 ||     4
 Stab: Sleeping          |     1 |       |       ||     1
       Paralysed         |       |     6 |       ||     6
Armor: Skin              |     3 |     2 |     1 ||     6
Dodge: Dodged            |    11 |    20 |    15 ||    46

Table legend: (Time is in decaauts)
 A = Elapsed time spent in this place.
 B = Non-inter-level travel time spent in this place.
 C = Inter-level travel time spent in this place.
 D = Time resting spent in this place.
 E = Time spent auto-exploring this place.
 F = Levels seen in this place.
 G = Mean time per level.
                   A        B        C        D        E       F      G
               +--------+--------+--------+--------+--------+-----+--------+
         Total |   9001 |   8828 |    173 |   3804 |   4332 |   6 | 1500.2 |
       Dungeon |   8886 |   8742 |    144 |   3804 |   4267 |   5 | 1777.2 |
        Temple |    114 |     85 |     29 |      0 |     65 |   1 |  114.0 |
               +--------+--------+--------+--------+--------+-----+--------+

Top non-repeatable levels by time:
     D:5: 2275 daAuts
     D:3: 2055 daAuts
     D:4: 1949 daAuts
     D:2: 1379 daAuts
     D:1: 1226 daAuts
  Temple: 114 daAuts
